Washington Capitals vs Toronto Maple Leafs
Created - Saturday, March 15, 2025 at 14:13
Goals
|
| Washington Capitals |
1 |
1 |
2 |
4 |
| Toronto Maple Leafs |
2 |
1 |
0 |
3 |
|
Shots
|
| Washington Capitals |
12 |
12 |
12 |
36 |
| Toronto Maple Leafs |
15 |
14 |
6 |
35 |
|
1st period
1. Toronto Maple Leafs , Wyatt Johnston 14 (Quinton Byfield 15) at 1:21
2. Washington Capitals , Drake Batherson 12 (John Carlson 9, Jake Oettinger) at 12:55
3. Toronto Maple Leafs , Wyatt Johnston 15 (Quinton Byfield 16, Aaron Ekblad 7) at 14:39 (PP)
Penalties :
Cam Talbot (TOR) for Slashing (Minor) at 5:17 - Ryan Pulock served the penalty, Dougie Hamilton (TOR) for High sticking (Minor) at 5:20, Ian Cole (WSH) for Cross-checking (Minor) at 13:26
2nd period
4. Washington Capitals , Nico Hischier 16 (Fabian Zetterlund 9, Thomas Harley 8) at 7:41
5. Toronto Maple Leafs , Sam Bennett 7 (Brady Tkachuk 27) at 12:35
Penalties :
John Carlson (WSH) for High sticking (Minor) at 5:05, Nico Hischier (WSH) for Holding Stick (Minor) at 10:32, Nick Foligno (WSH) for Tripping (Minor) at 19:04
3rd period
6. Washington Capitals , Alex Ovechkin 9 (Unassisted) at 1:27
7. Washington Capitals , Brad Marchand 13 (Jason Robertson 20, John Carlson 10) at 16:56
Penalties :
Brad Marchand (WSH) for Roughing (Minor) at 1:31, Jason Robertson (WSH) for Holding (Minor) at 4:01, Dougie Hamilton (TOR) for Interference (Minor) at 6:17, Brady Tkachuk (TOR) for Cross-checking (Minor) at 14:26
Goalie Stats
Jake Oettinger (WSH), 32 saves from 35 shots - (0.914), W, 13-8-0, 60:00 minutes
Cam Talbot (TOR), 32 saves from 36 shots - (0.889), L, 10-6-1, 58:59 minutes
Players Stats for Washington Capitals
Player Name G A P +/- PIM S H SB GA TA FO MP PP MP PK MP
------------------------------------------------------------------------------------
Alex Ovechkin 1 0 1 2 0 0 0 0 0 0 0/0 11:46 0:00 0:00
Brad Marchand 1 0 1 0 2 11 1 0 0 0 1/2 20:16 3:57 4:32
Derek Forbort 0 0 0 -1 0 1 0 0 0 2 0/0 18:20 0:00 5:12
Drake Batherson 1 0 1 0 0 6 1 0 1 0 0/0 14:20 2:02 0:00
Fabian Zetterlund 0 1 1 0 0 3 2 0 1 1 0/0 12:49 0:01 1:42
Ian Cole 0 0 0 0 2 0 0 1 0 0 0/0 16:31 0:00 5:17
Jamie Oleksiak 0 0 0 1 0 2 0 4 0 2 0/0 25:45 2:12 5:12
Jason Robertson 0 1 1 3 2 0 0 0 0 0 0/2 16:14 3:57 0:00
John Carlson 0 2 2 2 2 2 6 2 0 0 0/0 16:57 3:48 0:00
Jordan Kyrou 0 0 0 0 0 2 1 0 0 0 1/2 12:07 2:02 0:00
Michael McLeod 0 0 0 0 0 0 0 0 0 0 6/9 12:09 0:00 5:14
Mikael Backlund 0 0 0 -1 0 3 2 1 0 0 14/25 18:12 0:00 5:38
Nick Foligno 0 0 0 0 2 1 0 0 2 0 5/13 15:44 0:01 4:35
Nick Jensen 0 0 0 1 0 0 0 0 0 0 0/0 22:02 3:48 5:56
Nico Hischier 1 0 1 2 2 2 0 0 1 0 7/15 16:17 3:57 0:00
Owen Tippett 0 0 0 0 0 2 0 0 2 1 0/1 9:16 2:02 0:00
Thomas Harley 0 1 1 0 0 0 1 0 0 0 0/0 20:23 2:12 0:39
Yegor Chinakhov 0 0 0 0 0 1 0 0 2 0 0/0 9:37 0:01 0:35
Players Stats for Toronto Maple Leafs
Player Name G A P +/- PIM S H SB GA TA FO MP PP MP PK MP
------------------------------------------------------------------------------------
Aaron Ekblad 0 1 1 -1 0 0 4 1 0 1 0/0 24:41 5:40 2:55
Andrew Mangiapane 0 0 0 0 0 2 2 0 1 0 0/0 6:50 0:00 0:00
Brady Tkachuk 0 1 1 -3 2 3 2 0 0 0 1/3 19:24 5:37 0:00
Brandon Saad 0 0 0 0 0 0 0 0 0 1 0/0 7:37 0:32 0:00
Cody Ceci 0 0 0 -1 0 3 0 0 0 0 0/0 19:03 0:00 2:55
Dougie Hamilton 0 0 0 1 4 0 0 0 0 0 0/0 17:49 5:40 0:02
Mario Ferraro 0 0 0 -2 0 1 0 0 0 1 0/0 18:33 0:00 3:05
Nick Bjugstad 0 0 0 1 0 2 2 0 0 0 2/3 19:58 4:59 3:23
Nicolas Roy 0 0 0 -1 0 2 0 0 0 0 1/1 12:57 0:22 1:37
Nino Niederreiter 0 0 0 0 0 3 0 0 1 1 0/0 10:12 0:00 0:00
Quinton Byfield 0 2 2 1 0 4 0 0 0 0 1/4 16:35 4:59 0:00
Ryan Pulock 0 0 0 -2 0 2 2 2 0 2 0/0 22:16 5:28 1:50
Sam Bennett 1 0 1 0 0 3 1 0 2 0 7/13 11:05 0:38 0:00
Scott Laughton 0 0 0 0 0 4 0 0 0 0 1/2 10:25 0:00 3:24
Sean Walker 0 0 0 1 0 1 1 1 0 1 0/0 18:01 5:28 1:15
Tomas Hertl 0 0 0 -3 0 0 1 1 1 0 9/16 21:06 5:41 1:37
Troy Terry 0 0 0 -2 0 2 1 0 1 2 0/0 18:54 5:37 0:00
Wyatt Johnston 2 0 2 1 0 3 3 0 0 0 13/27 16:35 4:59 0:00
3 Stars
1 - Wyatt Johnston (TOR)
2 - John Carlson (WSH)
3 - Alex Ovechkin (WSH)
Power Play
Washington Capitals - 0 on 4 Attempt(s) - 0.00%
Toronto Maple Leafs - 1 on 6 Attempt(s) - 16.67%
Penalty Kill
Washington Capitals - 5 on 6 Attempt(s) - 83.33%
- Score 0 goal in Penalty Kill
Toronto Maple Leafs - 4 on 4 Attempt(s) - 100.00%
- Score 0 goal in Penalty Kill
Team Stat
Washington Capitals - Hits : 14 - Faceoff Wins : 34 - Blocked Shots : 8 - Penalty Minutes : 12
Toronto Maple Leafs - Hits : 19 - Faceoff Wins : 35 - Blocked Shots : 5 - Penalty Minutes : 8
Official
Referees : Pierre Lambert and Conor O'Donnell
Linesman : Bevan Mills and Devin Berg
Game Notes
1:27 of 3rd period - Penalty Shot by Alex Ovechkin for Washington Capitals - Goal!
Finance
Level 1 -- Attendance: 5579 (92.98%) -- Ticket Income $524,426
Level 2 -- Attendance: 4592 (91.84%) -- Ticket Income $247,968
Level 3 -- Attendance: 2911 (97.03%) -- Ticket Income $96,063
Level 4 -- Attendance: 4753 (95.06%) -- Ticket Income $99,813
Luxury Box -- Attendance: 1000 (100.00%) -- Ticket Income $193,000
Game was played at the Air Canada Centre.
Total Attendance: 18835 (94.18%)
Total Ticket Income: $1,161,270
Other Income: $406,444
Total Income: $1,567,714
Washington Capitals
5 vs 5 Forward
Center Left Wing Right Wing Time % Phy DF OF
1 Nico Hischier Alex Ovechkin Jason Robertson 30 1 2 2
2 Mikael Backlund Brad Marchand Drake Batherson 30 1 2 2
3 Nick Foligno Fabian Zetterlund Jordan Kyrou 25 1 2 2
4 Michael McLeod Owen Tippett Yegor Chinakhov 15 1 2 2
5 vs 5 Defense
Defense Defense Time % Phy DF OF
1 John Carlson Jamie Oleksiak 30 1 2 2
2 Thomas Harley Derek Forbort 30 1 2 2
3 Ian Cole Nick Jensen 25 1 2 2
4 Thomas Harley Jamie Oleksiak 15 1 2 2
PowerPlay Forward
Center Left Wing Right Wing Time % Phy DF OF
1 Nico Hischier Brad Marchand Jason Robertson 50 1 2 2
2 Jordan Kyrou Owen Tippett Drake Batherson 50 1 2 2
PowerPlay Defense
Defense Defense Time % Phy DF OF
1 John Carlson Nick Jensen 50 1 2 2
2 Thomas Harley Jamie Oleksiak 50 1 2 2
Penalty Kill 4 Players Forward
Center Wing Time % Phy DF OF
1 Mikael Backlund Brad Marchand 50 1 2 2
2 Michael McLeod Nick Foligno 50 1 2 2
Penalty Kill 4 Players Defense
Defense Defense Time % Phy DF OF
1 Derek Forbort Jamie Oleksiak 50 1 2 2
2 Nick Jensen Ian Cole 50 1 2 2
Penalty Kill - 3 Players Forward
Forward Time % Phy DF OF
1 Mikael Backlund 50 1 2 2
2 Michael McLeod 50 1 2 2
Penalty Kill - 3 Players Defense
Defense Defense Time % Phy DF OF
1 Derek Forbort Jamie Oleksiak 50 1 2 2
2 Nick Jensen Ian Cole 50 1 2 2
4 vs 4 Forward
Center Wing Time % Phy DF OF
1 Nico Hischier Alex Ovechkin 50 1 2 2
2 Jordan Kyrou Jason Robertson 50 1 2 2
4 vs 4 Defense
Defense Defense Time % Phy DF OF
1 John Carlson Nick Jensen 50 1 2 2
2 Thomas Harley Jamie Oleksiak 50 1 2 2
Last Minutes Offensive
Center Left Wing Right Wing Defense Defense
Nico Hischier Brad Marchand Jason Robertson Nick Jensen Thomas Harley
Last Minutes Defensive
Center Left Wing Right Wing Defense Defense
Mikael Backlund Brad Marchand Nick Foligno Derek Forbort Jamie Oleksiak
Goaltenders
Starting : Jake Oettinger
Backup : Sergei Bobrovsky
Extra Forwards
Normal : Jordan Kyrou, Nick Foligno, Owen Tippett - PP : Drake Batherson, Owen Tippett - PK : Fabian Zetterlund
Extra Defensemen
Normal : Derek Forbort, Nick Jensen, Thomas Harley - PP : Derek Forbort - PK : Nick Jensen, Thomas Harley
Penalty Shots
Jason Robertson, Drake Batherson, Yegor Chinakhov, John Carlson, Jordan Kyrou
Scratches
Stefan Noesen (Healthy)
Toronto Maple Leafs
5 vs 5 Forward
Center Left Wing Right Wing Time % Phy DF OF
1 Tomas Hertl Brady Tkachuk Troy Terry 30 1 2 2
2 Wyatt Johnston Quinton Byfield Nick Bjugstad 30 1 2 2
3 Sam Bennett Nino Niederreiter Nicolas Roy 25 1 2 2
4 Scott Laughton Brandon Saad Andrew Mangiapane 15 1 2 2
5 vs 5 Defense
Defense Defense Time % Phy DF OF
1 Ryan Pulock Aaron Ekblad 35 1 2 2
2 Mario Ferraro Cody Ceci 35 1 2 2
3 Dougie Hamilton Sean Walker 25 1 2 2
4 Dougie Hamilton Sean Walker 5 1 2 2
PowerPlay Forward
Center Left Wing Right Wing Time % Phy DF OF
1 Tomas Hertl Brady Tkachuk Troy Terry 50 1 2 2
2 Wyatt Johnston Quinton Byfield Nick Bjugstad 50 1 2 2
PowerPlay Defense
Defense Defense Time % Phy DF OF
1 Aaron Ekblad Dougie Hamilton 50 1 2 2
2 Ryan Pulock Sean Walker 50 1 2 2
Penalty Kill 4 Players Forward
Center Wing Time % Phy DF OF
1 Nick Bjugstad Scott Laughton 50 1 2 2
2 Tomas Hertl Nicolas Roy 50 1 2 2
Penalty Kill 4 Players Defense
Defense Defense Time % Phy DF OF
1 Ryan Pulock Mario Ferraro 50 1 2 2
2 Aaron Ekblad Cody Ceci 50 1 2 2
Penalty Kill - 3 Players Forward
Forward Time % Phy DF OF
1 Nick Bjugstad 50 1 2 2
2 Scott Laughton 50 1 2 2
Penalty Kill - 3 Players Defense
Defense Defense Time % Phy DF OF
1 Ryan Pulock Mario Ferraro 50 1 2 2
2 Aaron Ekblad Cody Ceci 50 1 2 2
4 vs 4 Forward
Center Wing Time % Phy DF OF
1 Wyatt Johnston Nick Bjugstad 50 1 2 2
2 Tomas Hertl Brady Tkachuk 50 1 2 2
4 vs 4 Defense
Defense Defense Time % Phy DF OF
1 Sean Walker Aaron Ekblad 50 1 2 2
2 Dougie Hamilton Ryan Pulock 50 1 2 2
Last Minutes Offensive
Center Left Wing Right Wing Defense Defense
Tomas Hertl Brady Tkachuk Troy Terry Dougie Hamilton Aaron Ekblad
Last Minutes Defensive
Center Left Wing Right Wing Defense Defense
Tomas Hertl Scott Laughton Nick Bjugstad Aaron Ekblad Ryan Pulock
Goaltenders
Starting : Cam Talbot
Backup : Frederik Andersen
Extra Forwards
Normal : Sam Bennett, Brandon Saad, Nino Niederreiter - PP : Sam Bennett, Brandon Saad - PK : Nino Niederreiter
Extra Defensemen
Normal : Sean Walker, Dougie Hamilton, Cody Ceci - PP : Mario Ferraro - PK : Dougie Hamilton, Sean Walker
Penalty Shots
Brady Tkachuk, Tomas Hertl, Nick Bjugstad, Wyatt Johnston, Quinton Byfield
Scratches
Bowen Byram (Healthy), Kyle Okposo (Healthy), Warren Foegele (Healthy), Luke Schenn (Healthy), Pierre Engvall (Healthy)
% Time on Ice - Washington Capitals
Lines # - Real PCT - Wanted PCT - Time Play
Normal Forward
1 - 31% - 30% - 12:52
2 - 27% - 30% - 11:22
3 - 26% - 25% - 10:47
4 - 16% - 15% - 6:54
Normal Defense
1 - 32% - 30% - 13:15
2 - 33% - 30% - 13:38
3 - 25% - 25% - 10:34
4 - 11% - 15% - 4:28
PP Forward
1 - 66% - 50% - 3:58
2 - 34% - 50% - 2:02
PP Defense
1 - 63% - 50% - 3:48
2 - 37% - 50% - 2:12
PK Forward
1 - 53% - 50% - 5:54
2 - 47% - 50% - 5:14
PK Defense
1 - 47% - 50% - 5:12
2 - 53% - 50% - 5:56
PK3 Forward
1 - 0% - 50%
2 - 0% - 50%
PK3 Defense
1 - 0% - 50%
2 - 0% - 50%
44 Forward
1 - 0% - 50%
2 - 0% - 50%
44 Defense
1 - 0% - 50%
2 - 0% - 50%
Last Minute Offensive - 0:00
Last Minute Defensive - 0:57
Total
Forward - 60:00
Defense - 60:00
|
% Time on Ice - Toronto Maple Leafs
Lines # - Real PCT - Wanted PCT - Time Play
Normal Forward
1 - 29% - 30% - 12:17
2 - 30% - 30% - 12:33
3 - 24% - 25% - 10:12
4 - 16% - 15% - 6:50
Normal Defense
1 - 37% - 35% - 15:26
2 - 36% - 35% - 15:10
3 - 26% - 25% - 10:57
4 - 1% - 5% - 0:19
PP Forward
1 - 52% - 50% - 5:47
2 - 48% - 50% - 5:21
PP Defense
1 - 51% - 50% - 5:40
2 - 49% - 50% - 5:28
PK Forward
1 - 59% - 50% - 2:24
2 - 41% - 50% - 1:40
PK Defense
1 - 45% - 50% - 1:50
2 - 55% - 50% - 2:14
PK3 Forward
1 - 51% - 50% - 0:59
2 - 49% - 50% - 0:57
PK3 Defense
1 - 65% - 50% - 1:15
2 - 35% - 50% - 0:41
44 Forward
1 - 0% - 50%
2 - 0% - 50%
44 Defense
1 - 0% - 50%
2 - 0% - 50%
Last Minute Offensive - 1:00
Last Minute Defensive - 0:00
Total
Forward - 60:00
Defense - 60:00
|
Play-by-Play
1st period
0:01 of 1st period - Nico Hischier wins face-off versus Tomas Hertl in neutral zone.
1:16 of 1st period - Wrist shot by Scott Laughton.
1:16 of 1st period - Stopped by Jake Oettinger without a rebound.
1:17 of 1st period - Wyatt Johnston wins face-off versus Nico Hischier in Washington Capitals zone.
1:21 of 1st period - Snap shot by Wyatt Johnston.
1:21 of 1st period - Goal by Wyatt Johnston - Washington Capitals : 0 - Toronto Maple Leafs : 1.
1:22 of 1st period - Tomas Hertl wins face-off versus Owen Tippett in neutral zone.
2:11 of 1st period - Snap shot by Brad Marchand.
2:11 of 1st period - Stopped by Cam Talbot without a rebound.
2:12 of 1st period - Sam Bennett wins face-off versus Mikael Backlund in Toronto Maple Leafs zone.
2:12 of 1st period - Sam Bennett is hit by Mikael Backlund.
2:22 of 1st period - Snap shot by Sam Bennett.
2:22 of 1st period - Shot Blocked by Mikael Backlund.
2:24 of 1st period - Slapshot by Cody Ceci.
2:24 of 1st period - Shot Misses the Net.
2:26 of 1st period - Wrist shot by Nino Niederreiter.
2:26 of 1st period - Shot Misses the Net.
2:32 of 1st period - Slapshot by Sam Bennett.
2:32 of 1st period - Stopped by Jake Oettinger with a rebound.
2:36 of 1st period - Snap shot by Nino Niederreiter.
2:36 of 1st period - Stopped by Jake Oettinger with a rebound.
2:38 of 1st period - Slapshot by Mario Ferraro.
2:38 of 1st period - Shot Blocked by Jamie Oleksiak.
2:40 of 1st period - Slapshot by Cody Ceci.
2:40 of 1st period - Stopped by Jake Oettinger with a rebound.
2:44 of 1st period - Snap shot by Nicolas Roy.
2:44 of 1st period - Shot Misses the Net.
2:46 of 1st period - Slapshot by Cody Ceci.
2:46 of 1st period - Stopped by Jake Oettinger with a rebound.
3:24 of 1st period - Wrist shot by Sam Bennett.
3:24 of 1st period - Stopped by Jake Oettinger with a rebound.
3:26 of 1st period - Snap shot by Mario Ferraro.
3:26 of 1st period - Stopped by Jake Oettinger with a rebound.
3:30 of 1st period - Slapshot by Nicolas Roy.
3:30 of 1st period - Stopped by Jake Oettinger without a rebound.
3:31 of 1st period - Nick Foligno wins face-off versus Tomas Hertl in Washington Capitals zone.
3:44 of 1st period - Snap shot by Fabian Zetterlund.
3:44 of 1st period - Stopped by Cam Talbot without a rebound.
3:45 of 1st period - Nico Hischier wins face-off versus Wyatt Johnston in Toronto Maple Leafs zone.
3:52 of 1st period - Nico Hischier is hit by Aaron Ekblad and loses puck.
3:57 of 1st period - Wrist shot by Quinton Byfield.
3:57 of 1st period - Shot Misses the Net.
3:59 of 1st period - Wrist shot by Ryan Pulock.
3:59 of 1st period - Shot Misses the Net.
4:37 of 1st period - Backhand shot by Owen Tippett.
4:37 of 1st period - Stopped by Cam Talbot with a rebound.
4:39 of 1st period - Wrist shot by Yegor Chinakhov.
4:39 of 1st period - Shot Misses the Net.
5:00 of 1st period - Alex Ovechkin is hit by Ryan Pulock and loses puck.
5:17 of 1st period - Snap shot by Jordan Kyrou.
5:17 of 1st period - Stopped by Cam Talbot without a rebound.
5:17 of 1st period - Minor Penalty to Cam Talbot for Slashing.
5:18 of 1st period - Nick Bjugstad wins face-off versus Jason Robertson in Toronto Maple Leafs zone.
5:20 of 1st period - Minor Penalty to Dougie Hamilton for High sticking.
5:21 of 1st period - Nick Bjugstad wins face-off versus Jordan Kyrou in Toronto Maple Leafs zone.
7:17 of 1st period - Penalty to Ryan Pulock is over, Ryan Pulock is back on ice.
7:20 of 1st period - Penalty to Dougie Hamilton is over, Dougie Hamilton is back on ice.
7:27 of 1st period - Snap shot by Scott Laughton.
7:27 of 1st period - Stopped by Jake Oettinger with a rebound.
7:30 of 1st period - Icing by Derek Forbort.
7:31 of 1st period - Tomas Hertl wins face-off versus Nick Foligno in Washington Capitals zone.
8:01 of 1st period - Wrist shot by Fabian Zetterlund.
8:01 of 1st period - Stopped by Cam Talbot without a rebound.
8:02 of 1st period - Nico Hischier wins face-off versus Wyatt Johnston in Toronto Maple Leafs zone.
8:15 of 1st period - Snap shot by Jason Robertson.
8:15 of 1st period - Shot Misses the Net.
8:30 of 1st period - Icing by Ian Cole.
8:31 of 1st period - Scott Laughton wins face-off versus Nico Hischier in Washington Capitals zone.
8:38 of 1st period - Slapshot by Tomas Hertl.
8:38 of 1st period - Shot Hit the Post.
8:40 of 1st period - Snap shot by Sean Walker.
8:40 of 1st period - Stopped by Jake Oettinger without a rebound.
8:41 of 1st period - Tomas Hertl wins face-off versus Mikael Backlund in Washington Capitals zone.
8:48 of 1st period - Sean Walker is hit by Drake Batherson.
9:12 of 1st period - Ryan Pulock is hit by Fabian Zetterlund and loses puck.
11:23 of 1st period - Wrist shot by Alex Ovechkin.
11:23 of 1st period - Shot Blocked by Tomas Hertl.
11:25 of 1st period - Slapshot by Derek Forbort.
11:25 of 1st period - Stopped by Cam Talbot without a rebound.
11:26 of 1st period - Brad Marchand wins face-off versus Wyatt Johnston in Toronto Maple Leafs zone.
11:37 of 1st period - Snap shot by Drake Batherson.
11:37 of 1st period - Stopped by Cam Talbot with a rebound.
11:39 of 1st period - Slapshot by John Carlson.
11:39 of 1st period - Deflect By Drake Batherson.
11:39 of 1st period - Stopped by Cam Talbot with a rebound.
11:41 of 1st period - Slapshot by Brad Marchand.
11:41 of 1st period - Deflect By Nick Bjugstad.
11:41 of 1st period - Shot Misses the Net.
11:41 of 1st period - Puck is out of play.
11:42 of 1st period - Nick Foligno wins face-off versus Sam Bennett in Toronto Maple Leafs zone.
11:43 of 1st period - Snap shot by Jordan Kyrou.
11:43 of 1st period - Stopped by Cam Talbot without a rebound.
11:44 of 1st period - Sam Bennett wins face-off versus Nick Foligno in Toronto Maple Leafs zone.
12:21 of 1st period - Snap shot by Nick Bjugstad.
12:21 of 1st period - Shot Blocked by John Carlson.
12:23 of 1st period - Snap shot by Wyatt Johnston.
12:23 of 1st period - Shot Misses the Net.
12:43 of 1st period - Snap shot by Brad Marchand.
12:43 of 1st period - Shot Misses the Net.
12:55 of 1st period - Snap shot by Drake Batherson.
12:55 of 1st period - Goal by Drake Batherson - Washington Capitals : 1 - Toronto Maple Leafs : 1.
12:56 of 1st period - Wyatt Johnston wins face-off versus Nick Foligno in neutral zone.
12:59 of 1st period - Wrist shot by Quinton Byfield.
12:59 of 1st period - Deflect By Wyatt Johnston.
12:59 of 1st period - Shot Blocked by Ian Cole.
12:59 of 1st period - Puck is out of play.
13:00 of 1st period - Quinton Byfield wins face-off versus Nick Foligno in Washington Capitals zone.
13:26 of 1st period - Minor Penalty to Ian Cole for Cross-checking.
13:27 of 1st period - Mikael Backlund wins face-off versus Tomas Hertl in Washington Capitals zone.
14:23 of 1st period - Slapshot by Brady Tkachuk.
14:23 of 1st period - Stopped by Jake Oettinger with a rebound.
14:39 of 1st period - Snap shot by Wyatt Johnston.
14:39 of 1st period - Goal by Wyatt Johnston - Washington Capitals : 1 - Toronto Maple Leafs : 2.
14:40 of 1st period - Wyatt Johnston wins face-off versus Nico Hischier in neutral zone.
15:12 of 1st period - Wrist shot by Owen Tippett.
15:12 of 1st period - Shot Misses the Net.
15:34 of 1st period - Slapshot by Andrew Mangiapane.
15:34 of 1st period - Stopped by Jake Oettinger without a rebound.
15:35 of 1st period - Mikael Backlund wins face-off versus Wyatt Johnston in Washington Capitals zone.
15:35 of 1st period - Mikael Backlund is hit by Nick Bjugstad.
15:45 of 1st period - Wrist shot by Drake Batherson.
15:45 of 1st period - Deflect By Brad Marchand.
15:45 of 1st period - Stopped by Cam Talbot without a rebound.
15:46 of 1st period - Sam Bennett wins face-off versus Nick Foligno in Toronto Maple Leafs zone.
16:13 of 1st period - Wrist shot by Drake Batherson.
16:13 of 1st period - Deflect By Mikael Backlund.
16:13 of 1st period - Shot Misses the Net.
16:13 of 1st period - Puck is out of play.
16:14 of 1st period - Tomas Hertl wins face-off versus Mikael Backlund in Toronto Maple Leafs zone.
16:33 of 1st period - Tomas Hertl is hit by Mikael Backlund and loses puck.
17:43 of 1st period - Jason Robertson is hit by Ryan Pulock and loses puck.
17:48 of 1st period - Wrist shot by Scott Laughton.
17:48 of 1st period - Stopped by Jake Oettinger without a rebound.
17:49 of 1st period - Brady Tkachuk wins face-off versus Nick Foligno in Washington Capitals zone.
18:04 of 1st period - Wrist shot by Brady Tkachuk.
18:04 of 1st period - Shot Misses the Net.
18:06 of 1st period - Snap shot by Troy Terry.
18:06 of 1st period - Deflect By Brady Tkachuk.
18:06 of 1st period - Shot Blocked by Jamie Oleksiak.
18:06 of 1st period - Puck is out of play.
18:07 of 1st period - Michael McLeod wins face-off versus Wyatt Johnston in Washington Capitals zone.
18:18 of 1st period - Backhand shot by Owen Tippett.
18:18 of 1st period - Shot Misses the Net.
18:20 of 1st period - Snap shot by Michael McLeod.
18:20 of 1st period - Shot Misses the Net.
18:22 of 1st period - Wrist shot by John Carlson.
18:22 of 1st period - Shot Misses the Net.
18:39 of 1st period - Wrist shot by Fabian Zetterlund.
18:39 of 1st period - Stopped by Cam Talbot with a rebound.
18:47 of 1st period - Ian Cole is hit by Sam Bennett and loses puck.
18:56 of 1st period - Troy Terry is hit by Jordan Kyrou and loses puck.
19:11 of 1st period - Cody Ceci is hit by Fabian Zetterlund and loses puck.
19:30 of 1st period - Wrist shot by Fabian Zetterlund.
19:30 of 1st period - Shot Misses the Net.
19:58 of 1st period - Mario Ferraro is hit by John Carlson and loses puck.
Goals for this period are 1 for Washington Capitals vs 2 for Toronto Maple Leafs.
Shots for this period are 12 for Washington Capitals vs 15 for Toronto Maple Leafs.
2nd period
0:01 of 2nd period - Wyatt Johnston wins face-off versus Nico Hischier in neutral zone.
0:16 of 2nd period - Snap shot by Nick Bjugstad.
0:16 of 2nd period - Shot Misses the Net.
0:27 of 2nd period - Icing by Drake Batherson.
0:28 of 2nd period - Sam Bennett wins face-off versus Mikael Backlund in Washington Capitals zone.
0:29 of 2nd period - Slapshot by Nino Niederreiter.
0:29 of 2nd period - Stopped by Jake Oettinger without a rebound.
0:30 of 2nd period - Mikael Backlund wins face-off versus Sam Bennett in Washington Capitals zone.
0:37 of 2nd period - Slapshot by Nino Niederreiter.
0:37 of 2nd period - Stopped by Jake Oettinger without a rebound.
0:38 of 2nd period - Wyatt Johnston wins face-off versus Nico Hischier in Washington Capitals zone.
0:39 of 2nd period - Snap shot by Quinton Byfield.
0:39 of 2nd period - Stopped by Jake Oettinger without a rebound.
0:40 of 2nd period - Nico Hischier wins face-off versus Wyatt Johnston in Washington Capitals zone.
0:51 of 2nd period - Snap shot by Nico Hischier.
0:51 of 2nd period - Stopped by Cam Talbot without a rebound.
0:52 of 2nd period - Michael McLeod wins face-off versus Sam Bennett in Toronto Maple Leafs zone.
1:17 of 2nd period - Jamie Oleksiak is hit by Aaron Ekblad and loses puck.
1:38 of 2nd period - Nick Jensen is hit by Andrew Mangiapane and loses puck.
1:45 of 2nd period - Snap shot by Andrew Mangiapane.
1:45 of 2nd period - Shot Misses the Net.
2:44 of 2nd period - Snap shot by Brad Marchand.
2:44 of 2nd period - Shot Blocked by Sean Walker.
2:46 of 2nd period - Slapshot by John Carlson.
2:46 of 2nd period - Shot Misses the Net.
3:06 of 2nd period - Brandon Saad is hit by John Carlson and loses puck.
3:25 of 2nd period - Sean Walker is hit by Thomas Harley and loses puck.
4:39 of 2nd period - Snap shot by Scott Laughton.
4:39 of 2nd period - Shot Misses the Net.
4:41 of 2nd period - Slapshot by Cody Ceci.
4:41 of 2nd period - Stopped by Jake Oettinger without a rebound.
4:42 of 2nd period - Tomas Hertl wins face-off versus Nico Hischier in Washington Capitals zone.
4:45 of 2nd period - Wrist shot by Brady Tkachuk.
4:45 of 2nd period - Stopped by Jake Oettinger with a rebound.
4:58 of 2nd period - Wrist shot by Brady Tkachuk.
4:58 of 2nd period - Stopped by Jake Oettinger without a rebound.
4:59 of 2nd period - Wyatt Johnston wins face-off versus Mikael Backlund in Washington Capitals zone.
5:02 of 2nd period - Snap shot by Nick Bjugstad.
5:02 of 2nd period - Stopped by Jake Oettinger without a rebound.
5:03 of 2nd period - Mikael Backlund wins face-off versus Wyatt Johnston in Washington Capitals zone.
5:05 of 2nd period - Minor Penalty to John Carlson for High sticking.
5:06 of 2nd period - Michael McLeod wins face-off versus Wyatt Johnston in Washington Capitals zone.
7:05 of 2nd period - Penalty to John Carlson is over, John Carlson is back on ice.
7:41 of 2nd period - Slapshot by Nico Hischier.
7:41 of 2nd period - Goal by Nico Hischier - Washington Capitals : 2 - Toronto Maple Leafs : 2.
7:42 of 2nd period - Mikael Backlund wins face-off versus Quinton Byfield in neutral zone.
7:53 of 2nd period - Snap shot by Brad Marchand.
7:53 of 2nd period - Stopped by Cam Talbot without a rebound.
7:54 of 2nd period - Mikael Backlund wins face-off versus Tomas Hertl in Toronto Maple Leafs zone.
7:59 of 2nd period - Snap shot by Brad Marchand.
7:59 of 2nd period - Stopped by Cam Talbot with a rebound.
9:24 of 2nd period - Derek Forbort is hit by Andrew Mangiapane.
9:38 of 2nd period - Snap shot by Yegor Chinakhov.
9:38 of 2nd period - Stopped by Cam Talbot with a rebound.
9:40 of 2nd period - Snap shot by Brad Marchand.
9:40 of 2nd period - Stopped by Cam Talbot without a rebound.
9:41 of 2nd period - Mikael Backlund wins face-off versus Sam Bennett in Toronto Maple Leafs zone.
9:42 of 2nd period - Wrist shot by Drake Batherson.
9:42 of 2nd period - Stopped by Cam Talbot without a rebound.
9:43 of 2nd period - Mikael Backlund wins face-off versus Wyatt Johnston in Toronto Maple Leafs zone.
9:46 of 2nd period - Wrist shot by Brad Marchand.
9:46 of 2nd period - Stopped by Cam Talbot with a rebound.
9:48 of 2nd period - Snap shot by John Carlson.
9:48 of 2nd period - Deflect By Nick Bjugstad.
9:48 of 2nd period - Stopped by Cam Talbot with a rebound.
9:58 of 2nd period - Slapshot by Brad Marchand.
9:58 of 2nd period - Shot Hit the Post.
10:00 of 2nd period - Wrist shot by Jamie Oleksiak.
10:00 of 2nd period - Shot Misses the Net.
10:02 of 2nd period - Snap shot by Mikael Backlund.
10:02 of 2nd period - Stopped by Cam Talbot with a rebound.
10:08 of 2nd period - Slapshot by Brad Marchand.
10:08 of 2nd period - Deflect By Drake Batherson.
10:08 of 2nd period - Shot Misses the Net.
10:08 of 2nd period - Puck is out of play.
10:09 of 2nd period - Nico Hischier wins face-off versus Tomas Hertl in Toronto Maple Leafs zone.
10:10 of 2nd period - Backhand shot by Jason Robertson.
10:10 of 2nd period - Shot Misses the Net.
10:32 of 2nd period - Minor Penalty to Nico Hischier for Holding Stick.
10:33 of 2nd period - Wyatt Johnston wins face-off versus Michael McLeod in Washington Capitals zone.
10:34 of 2nd period - Slapshot by Quinton Byfield.
10:34 of 2nd period - Stopped by Jake Oettinger with a rebound.
10:36 of 2nd period - Slapshot by Ryan Pulock.
10:36 of 2nd period - Stopped by Jake Oettinger without a rebound.
10:37 of 2nd period - Michael McLeod wins face-off versus Wyatt Johnston in Washington Capitals zone.
12:32 of 2nd period - Penalty to Nico Hischier is over, Nico Hischier is back on ice.
12:35 of 2nd period - Snap shot by Sam Bennett.
12:35 of 2nd period - Goal by Sam Bennett - Washington Capitals : 2 - Toronto Maple Leafs : 3.
12:36 of 2nd period - Sam Bennett wins face-off versus Jason Robertson in neutral zone.
13:44 of 2nd period - Wrist shot by Wyatt Johnston.
13:44 of 2nd period - Stopped by Jake Oettinger with a rebound.
13:46 of 2nd period - Slapshot by Quinton Byfield.
13:46 of 2nd period - Stopped by Jake Oettinger without a rebound.
13:47 of 2nd period - Wyatt Johnston wins face-off versus Michael McLeod in Washington Capitals zone.
13:50 of 2nd period - Wrist shot by Quinton Byfield.
13:50 of 2nd period - Shot Blocked by Jamie Oleksiak.
13:52 of 2nd period - Wrist shot by Sean Walker.
13:52 of 2nd period - Shot Misses the Net.
13:54 of 2nd period - Wrist shot by Wyatt Johnston.
13:54 of 2nd period - Shot Misses the Net.
14:04 of 2nd period - Slapshot by Quinton Byfield.
14:04 of 2nd period - Deflect By Wyatt Johnston.
14:04 of 2nd period - Shot Blocked by John Carlson.
14:04 of 2nd period - Puck is out of play.
14:05 of 2nd period - Mikael Backlund wins face-off versus Sam Bennett in Washington Capitals zone.
14:14 of 2nd period - Nicolas Roy is hit by Brad Marchand and loses puck.
14:57 of 2nd period - Wrist shot by Nick Foligno.
14:57 of 2nd period - Stopped by Cam Talbot with a rebound.
14:59 of 2nd period - Snap shot by Nick Foligno.
14:59 of 2nd period - Shot Blocked by Aaron Ekblad.
15:03 of 2nd period - Snap shot by Fabian Zetterlund.
15:03 of 2nd period - Deflect By Nick Foligno.
15:03 of 2nd period - Shot Misses the Net.
15:03 of 2nd period - Puck is out of play.
15:04 of 2nd period - Sam Bennett wins face-off versus Mikael Backlund in Toronto Maple Leafs zone.
15:31 of 2nd period - Quinton Byfield is hit by John Carlson and loses puck.
15:46 of 2nd period - Dougie Hamilton is hit by John Carlson.
17:09 of 2nd period - Off-side.
17:10 of 2nd period - Wyatt Johnston wins face-off versus Mikael Backlund in neutral zone.
17:37 of 2nd period - Nico Hischier is hit by Troy Terry.
17:45 of 2nd period - Icing by Troy Terry.
17:46 of 2nd period - Nick Foligno wins face-off versus Tomas Hertl in Toronto Maple Leafs zone.
18:01 of 2nd period - Cody Ceci is hit by John Carlson and loses puck.
18:20 of 2nd period - Wrist shot by Sam Bennett.
18:20 of 2nd period - Shot Misses the Net.
18:40 of 2nd period - Wrist shot by Brad Marchand.
18:40 of 2nd period - Stopped by Cam Talbot without a rebound.
18:41 of 2nd period - Nicolas Roy wins face-off versus Nick Foligno in Toronto Maple Leafs zone.
19:04 of 2nd period - Minor Penalty to Nick Foligno for Tripping.
19:05 of 2nd period - Michael McLeod wins face-off versus Wyatt Johnston in Washington Capitals zone.
19:12 of 2nd period - Jamie Oleksiak is hit by Wyatt Johnston and loses puck.
19:17 of 2nd period - Snap shot by Quinton Byfield.
19:17 of 2nd period - Stopped by Jake Oettinger with a rebound.
19:19 of 2nd period - Slapshot by Nick Bjugstad.
19:19 of 2nd period - Stopped by Jake Oettinger without a rebound.
19:20 of 2nd period - Mikael Backlund wins face-off versus Tomas Hertl in Washington Capitals zone.
Goals for this period are 1 for Washington Capitals vs 1 for Toronto Maple Leafs.
Shots for this period are 12 for Washington Capitals vs 14 for Toronto Maple Leafs.
3rd period
0:01 of 3rd period - Michael McLeod wins face-off versus Quinton Byfield in neutral zone.
1:04 of 3rd period - Penalty to Nick Foligno is over, Nick Foligno is back on ice.
1:05 of 3rd period - Off-side.
1:06 of 3rd period - Sam Bennett wins face-off versus Nico Hischier in neutral zone.
1:27 of 3rd period - Penalty Shot by Alex Ovechkin for Washington Capitals.
1:27 of 3rd period - Backhand shot by Alex Ovechkin.
1:27 of 3rd period - Goal by Alex Ovechkin - Washington Capitals : 3 - Toronto Maple Leafs : 3.
1:28 of 3rd period - Wyatt Johnston wins face-off versus Mikael Backlund in neutral zone.
1:29 of 3rd period - Mikael Backlund wins face-off versus Wyatt Johnston in Washington Capitals zone.
1:31 of 3rd period - Minor Penalty to Brad Marchand for Roughing.
1:32 of 3rd period - Mikael Backlund wins face-off versus Wyatt Johnston in Washington Capitals zone.
1:32 of 3rd period - Mikael Backlund is hit by Wyatt Johnston.
3:31 of 3rd period - Penalty to Brad Marchand is over, Brad Marchand is back on ice.
3:39 of 3rd period - Backhand shot by Troy Terry.
3:39 of 3rd period - Stopped by Jake Oettinger without a rebound.
3:40 of 3rd period - Nico Hischier wins face-off versus Quinton Byfield in Washington Capitals zone.
4:01 of 3rd period - Minor Penalty to Jason Robertson for Holding.
4:02 of 3rd period - Wyatt Johnston wins face-off versus Michael McLeod in Washington Capitals zone.
5:19 of 3rd period - Jamie Oleksiak is hit by Aaron Ekblad and loses puck.
5:37 of 3rd period - Icing by Ryan Pulock.
5:38 of 3rd period - Wyatt Johnston wins face-off versus Mikael Backlund in Toronto Maple Leafs zone.
6:01 of 3rd period - Penalty to Jason Robertson is over, Jason Robertson is back on ice.
6:07 of 3rd period - Wrist shot by Andrew Mangiapane.
6:07 of 3rd period - Stopped by Jake Oettinger with a rebound.
6:17 of 3rd period - Minor Penalty to Dougie Hamilton for Interference.
6:18 of 3rd period - Jordan Kyrou wins face-off versus Nick Bjugstad in Toronto Maple Leafs zone.
6:18 of 3rd period - Wrist shot by Owen Tippett.
6:18 of 3rd period - Stopped by Cam Talbot with a rebound.
6:20 of 3rd period - Slapshot by Jamie Oleksiak.
6:20 of 3rd period - Deflect By Scott Laughton.
6:20 of 3rd period - Stopped by Cam Talbot with a rebound.
8:17 of 3rd period - Penalty to Dougie Hamilton is over, Dougie Hamilton is back on ice.
9:35 of 3rd period - Icing by Scott Laughton.
9:36 of 3rd period - Nico Hischier wins face-off versus Scott Laughton in Toronto Maple Leafs zone.
9:37 of 3rd period - Wrist shot by Alex Ovechkin.
9:37 of 3rd period - Shot Hit the Post.
9:55 of 3rd period - Nino Niederreiter is hit by John Carlson.
10:05 of 3rd period - Snap shot by Nicolas Roy.
10:05 of 3rd period - Stopped by Jake Oettinger without a rebound.
10:06 of 3rd period - Mikael Backlund wins face-off versus Wyatt Johnston in Washington Capitals zone.
10:15 of 3rd period - Wrist shot by Brad Marchand.
10:15 of 3rd period - Shot Misses the Net.
10:17 of 3rd period - Slapshot by Derek Forbort.
10:17 of 3rd period - Deflect By Drake Batherson.
10:17 of 3rd period - Stopped by Cam Talbot with a rebound.
10:35 of 3rd period - Owen Tippett is hit by Brady Tkachuk.
10:41 of 3rd period - Yegor Chinakhov is hit by Brady Tkachuk and loses puck.
12:54 of 3rd period - Mikael Backlund is hit by Sean Walker and loses puck.
13:17 of 3rd period - John Carlson is hit by Wyatt Johnston and loses puck.
13:44 of 3rd period - Owen Tippett is hit by Tomas Hertl and loses puck.
14:03 of 3rd period - Snap shot by Fabian Zetterlund.
14:03 of 3rd period - Shot Misses the Net.
14:05 of 3rd period - Slapshot by Jamie Oleksiak.
14:05 of 3rd period - Stopped by Cam Talbot without a rebound.
14:06 of 3rd period - Wyatt Johnston wins face-off versus Brad Marchand in Toronto Maple Leafs zone.
14:13 of 3rd period - Snap shot by Drake Batherson.
14:13 of 3rd period - Stopped by Cam Talbot with a rebound.
14:15 of 3rd period - Snap shot by Brad Marchand.
14:15 of 3rd period - Stopped by Cam Talbot with a rebound.
14:17 of 3rd period - Slapshot by Thomas Harley.
14:17 of 3rd period - Shot Blocked by Ryan Pulock.
14:19 of 3rd period - Slapshot by Drake Batherson.
14:19 of 3rd period - Shot Blocked by Ryan Pulock.
14:21 of 3rd period - Wrist shot by Brad Marchand.
14:21 of 3rd period - Stopped by Cam Talbot with a rebound.
14:23 of 3rd period - Wrist shot by Mikael Backlund.
14:23 of 3rd period - Stopped by Cam Talbot without a rebound.
14:24 of 3rd period - Tomas Hertl wins face-off versus Nick Foligno in Toronto Maple Leafs zone.
14:26 of 3rd period - Minor Penalty to Brady Tkachuk for Cross-checking.
14:27 of 3rd period - Tomas Hertl wins face-off versus Nico Hischier in Toronto Maple Leafs zone.
15:39 of 3rd period - Slapshot by Jason Robertson.
15:39 of 3rd period - Shot Misses the Net.
16:26 of 3rd period - Penalty to Brady Tkachuk is over, Brady Tkachuk is back on ice.
16:48 of 3rd period - Wrist shot by Brad Marchand.
16:48 of 3rd period - Stopped by Cam Talbot with a rebound.
16:50 of 3rd period - Snap shot by John Carlson.
16:50 of 3rd period - Deflect By Brady Tkachuk.
16:50 of 3rd period - Stopped by Cam Talbot with a rebound.
16:54 of 3rd period - Slapshot by Jason Robertson.
16:54 of 3rd period - Shot Misses the Net.
16:56 of 3rd period - Snap shot by Brad Marchand.
16:56 of 3rd period - Goal by Brad Marchand - Washington Capitals : 4 - Toronto Maple Leafs : 3.
16:57 of 3rd period - Nick Foligno wins face-off versus Brady Tkachuk in neutral zone.
17:24 of 3rd period - Jamie Oleksiak is hit by Nick Bjugstad.
17:32 of 3rd period - Slapshot by Wyatt Johnston.
17:32 of 3rd period - Shot Blocked by Jamie Oleksiak.
17:50 of 3rd period - Wrist shot by Scott Laughton.
17:50 of 3rd period - Stopped by Jake Oettinger with a rebound.
17:52 of 3rd period - Slapshot by Ryan Pulock.
17:52 of 3rd period - Stopped by Jake Oettinger without a rebound.
17:53 of 3rd period - Nick Foligno wins face-off versus Sam Bennett in Washington Capitals zone.
18:30 of 3rd period - Toronto Maple Leafs, Cam Talbot is pulled from the net.
19:09 of 3rd period - Icing by Troy Terry.
19:10 of 3rd period - Cam Talbot from Toronto Maple Leafs was sent back in the game.
19:10 of 3rd period - Tomas Hertl wins face-off versus Mikael Backlund in Toronto Maple Leafs zone.
19:21 of 3rd period - Yegor Chinakhov is hit by Aaron Ekblad.
19:27 of 3rd period - Snap shot by Yegor Chinakhov.
19:27 of 3rd period - Deflect By Mikael Backlund.
19:27 of 3rd period - Stopped by Cam Talbot without a rebound.
19:28 of 3rd period - Mike Babcock call a timeout for Toronto Maple Leafs.
19:28 of 3rd period - Mikael Backlund wins face-off versus Brady Tkachuk in Toronto Maple Leafs zone.
19:39 of 3rd period - Toronto Maple Leafs, Cam Talbot is pulled from the net.
19:43 of 3rd period - Snap shot by Troy Terry.
19:43 of 3rd period - Stopped by Jake Oettinger with a rebound.
19:50 of 3rd period - Off-side.
19:51 of 3rd period - Tomas Hertl wins face-off versus Mikael Backlund in neutral zone.
Goals for this period are 2 for Washington Capitals vs 0 for Toronto Maple Leafs.
Shots for this period are 12 for Washington Capitals vs 6 for Toronto Maple Leafs.
Back to the Top